General information
- name: BNet
- type: Ladder team game (AT/RT)
- host: Battle.net
- saver: Mata.
map: GolemsInTheMist
- players: 8
- length: 59:55
- speed: Fast
- version: 1.21 W3XP
- replay type:

» download(401 KB)
Players
team 1 (winner)
bLinn (
orange | 75 APM | 4501 actions | 59:53)
10 Blademaster
3 Wind Walk
3 Critical Strike
1 Bladestorm
3 Mirror Image
» actions
| Assign group hotkey | 249 | |
| Basic commands | 38 | |
| Build / train | 120 | |
| ESC pressed | 1 | |
| Enter build submenu | 92 | |
| Enter hero's abilities submenu | 10 | |
| Give item / drop item | 3 | |
| Remove unit from queue | 5 | |
| Right click | 2132 | |
| Select / deselect | 611 | |
| Select group hotkey | 755 | |
| Use ability | 484 | |
4501 total
» units
| Peon | 29 | |
| Troll Batrider | 24 | |
| Goblin Zeppelin | 1 | |
| Wind Rider | 5 | |
59 total
» upgrades
| Spiked Barricades | 2 | |
| Reinforced Defenses | 1 | |
| Armor | 2 | |
| Envenomed Spears | 1 | |
| Ranged Weapons | 2 | |
| Liquid Fire | 1 | |
| Pillage | 1 | |
10 total
» buildings
| Altar of Storms | 1 | |
| Orc Burrow | 6 | |
| War Mill | 2 | |
| Watch Tower | 70 | |
| Voodoo Lounge | 3 | |
| Stronghold | 3 | |
| Great Hall | 2 | |
| Beastiary | 4 | |
| Fortress | 3 | |
94 total
» build order
00:03 Altar of Storms
00:17 Orc Burrow
00:37 War Mill
01:49 Watch Tower
02:14 Watch Tower
02:25 Orc Burrow
02:57 Watch Tower
03:25 Watch Tower
03:32 Voodoo Lounge
04:17 Watch Tower
04:27 Stronghold
04:27 Stronghold
04:27 Stronghold
04:34 Watch Tower
04:35 Watch Tower
04:37 Watch Tower
05:04 Watch Tower
05:07 Watch Tower
05:09 Watch Tower
05:10 Watch Tower
05:11 Watch Tower
05:16 Great Hall
05:24 Watch Tower
06:04 Watch Tower
06:33 Watch Tower
06:39 Watch Tower
06:40 Watch Tower
06:41 Watch Tower
06:56 Beastiary
06:57 Beastiary
07:10 Voodoo Lounge
07:16 Watch Tower
07:17 Watch Tower
07:18 Watch Tower
07:19 Watch Tower
07:34 Watch Tower
08:20 Watch Tower
08:32 Watch Tower
08:33 Watch Tower
09:06 Beastiary
09:49 Watch Tower
09:49 Watch Tower
10:02 Watch Tower
10:06 Watch Tower
10:13 Watch Tower
11:04 Watch Tower
11:05 Watch Tower
11:21 Watch Tower
11:44 Watch Tower
11:50 Watch Tower
12:07 Beastiary
12:14 Orc Burrow
12:18 Orc Burrow
12:24 Watch Tower
12:26 Watch Tower
12:31 Watch Tower
12:45 Fortress
12:45 Fortress
13:21 Watch Tower
13:41 Watch Tower
14:14 Watch Tower
14:16 Watch Tower
14:17 Watch Tower
14:22 Watch Tower
14:24 Watch Tower
14:27 Watch Tower
14:28 Watch Tower
14:29 Watch Tower
14:30 Watch Tower
14:41 Watch Tower
16:07 Voodoo Lounge
16:38 War Mill
17:38 Watch Tower
17:39 Watch Tower
17:42 Watch Tower
19:02 Watch Tower
19:11 Watch Tower
21:04 Watch Tower
21:04 Watch Tower
21:14 Watch Tower
21:14 Watch Tower
21:15 Watch Tower
22:29 Watch Tower
22:30 Watch Tower
24:06 Watch Tower
24:07 Watch Tower
25:26 Watch Tower
25:26 Watch Tower
26:50 Great Hall
27:37 Watch Tower
27:37 Watch Tower
48:14 Orc Burrow
48:15 Orc Burrow
» items
| Healing Salve | 2 | |
| Lesser Clarity Potion | 5 | |
| Potion of Healing | 2 | |
| Scroll of Speed | 1 | |
| Orb of Lightning | 4 | |
| Scroll of Town Portal | 1 | |
15 total
dirtmcwordup (
blue | 49 APM | 2929 actions | 59:53)
5 Warden
2 Shadow Strike
3 Blink
» actions
| Assign group hotkey | 9 | |
| Basic commands | 25 | |
| Build / train | 75 | |
| ESC pressed | 3 | |
| Enter build submenu | 25 | |
| Enter hero's abilities submenu | 5 | |
| Right click | 1671 | |
| Select / deselect | 375 | |
| Select group hotkey | 466 | |
| Use ability | 275 | |
2929 total
» units
| Wisp | 32 | |
| Chimaera | 2 | |
| Druid of the Talon | 15 | |
| Goblin Zeppelin | 1 | |
50 total
» upgrades
| Nature's Blessing | 1 | |
| Well Spring | 1 | |
| Ultravision | 1 | |
| Reinforced Hides | 1 | |
| Strength of the Wild | 1 | |
| Druid of the Talon Training | 1 | |
6 total
» buildings
| Altar of Elders | 2 | |
| Moon Well | 9 | |
| Tree of Life | 5 | |
| Tree of Ages | 2 | |
| Ancient of Wonders | 2 | |
| Tree of Eternity | 1 | |
| Ancient of Wind | 3 | |
| Hunter's Hall | 1 | |
| Chimaera Roost | 2 | |
27 total
» build order
00:49 Altar of Elders
00:51 Moon Well
01:09 Moon Well
04:55 Moon Well
05:47 Moon Well
06:16 Moon Well
08:11 Tree of Life
11:16 Moon Well
13:28 Tree of Life
13:49 Tree of Ages
17:42 Altar of Elders
17:45 Moon Well
17:46 Moon Well
19:21 Ancient of Wonders
19:24 Ancient of Wonders
19:38 Tree of Eternity
19:41 Ancient of Wind
20:56 Hunter's Hall
22:10 Chimaera Roost
22:11 Chimaera Roost
25:12 Tree of Life
25:57 Tree of Life
26:58 Tree of Life
28:03 Moon Well
29:21 Tree of Ages
33:46 Ancient of Wind
33:47 Ancient of Wind
» items
| Healing Salve | 1 | |
| Lesser Clarity Potion | 1 | |
| Scroll of Town Portal | 1 | |
| Staff of Preservation | 1 | |
| Orb of Venom | 1 | |
| Potion of Healing | 2 | |
| Anti-magic Potion | 2 | |
9 total
GapInTheTooth (
pink | 48 APM | 2847 actions | 59:53)
9 Archmage
3 Summon Water Elemental
3 Brilliance Aura
2 Blizzard
1 Mass Teleport
» actions
| Assign group hotkey | 15 | |
| Basic commands | 120 | |
| Build / train | 141 | |
| ESC pressed | 16 | |
| Enter build submenu | 78 | |
| Enter hero's abilities submenu | 10 | |
| Give item / drop item | 4 | |
| Remove unit from queue | 2 | |
| Right click | 1334 | |
| Select / deselect | 899 | |
| Select group hotkey | 32 | |
| Use ability | 196 | |
2847 total
» units
| Peasant | 25 | |
| Goblin Shredder | 1 | |
| Mortar Team | 4 | |
| Sorceress | 3 | |
| Gryphon Rider | 5 | |
38 total
» upgrades
| Masonry | 3 | |
| Lumber Harvesting | 2 | |
| Gunpowder | 3 | |
| Magic Sentry | 1 | |
| Sorceress Training | 2 | |
| Fragmentation Shards | 1 | |
| Flare | 1 | |
| Armor | 3 | |
| Swords | 2 | |
| Plating | 0 | |
18 total
» buildings
| Lumber Mill | 3 | |
| Farm | 19 | |
| Scout Tower | 64 | |
| Altar of Kings | 1 | |
| Guard Tower | 33 | |
| Keep | 1 | |
| Blacksmith | 1 | |
| Castle | 1 | |
| Workshop | 3 | |
| Arcane Vault | 2 | |
| Arcane Sanctum | 2 | |
| Cannon Tower | 1 | |
| Gryphon Aviary | 5 | |
| Town Hall | 1 | |
137 total
» build order
00:08 Lumber Mill
00:13 Farm
00:53 Scout Tower
00:55 Scout Tower
01:16 Altar of Kings
01:27 Scout Tower
01:39 Guard Tower
01:47 Scout Tower
01:57 Guard Tower
02:02 Scout Tower
02:08 Scout Tower
02:24 Scout Tower
02:25 Scout Tower
02:27 Scout Tower
02:28 Scout Tower
02:33 Scout Tower
02:38 Scout Tower
02:39 Scout Tower
02:40 Scout Tower
02:41 Scout Tower
03:00 Guard Tower
03:04 Guard Tower
03:36 Scout Tower
03:37 Scout Tower
03:55 Guard Tower
04:07 Farm
04:12 Guard Tower
04:35 Guard Tower
04:58 Scout Tower
05:00 Scout Tower
05:03 Scout Tower
05:29 Guard Tower
05:36 Guard Tower
05:40 Guard Tower
05:49 Scout Tower
05:50 Scout Tower
05:52 Scout Tower
06:10 Scout Tower
06:17 Guard Tower
06:20 Scout Tower
06:33 Guard Tower
06:43 Guard Tower
07:07 Guard Tower
07:14 Scout Tower
07:16 Scout Tower
07:18 Scout Tower
07:20 Scout Tower
07:22 Scout Tower
07:25 Scout Tower
07:54 Scout Tower
07:59 Scout Tower
08:23 Guard Tower
08:25 Scout Tower
08:27 Scout Tower
08:28 Guard Tower
08:51 Scout Tower
08:52 Scout Tower
08:59 Guard Tower
09:26 Scout Tower
09:27 Scout Tower
09:29 Guard Tower
09:36 Guard Tower
10:02 Guard Tower
10:32 Scout Tower
10:32 Scout Tower
10:52 Guard Tower
11:00 Guard Tower
11:08 Guard Tower
11:25 Scout Tower
11:27 Scout Tower
11:45 Farm
12:06 Guard Tower
12:09 Scout Tower
12:12 Scout Tower
12:41 Keep
13:11 Lumber Mill
14:40 Guard Tower
14:45 Blacksmith
15:21 Scout Tower
15:22 Scout Tower
15:23 Scout Tower
15:25 Scout Tower
15:31 Castle
15:34 Guard Tower
15:52 Guard Tower
15:57 Guard Tower
16:26 Guard Tower
17:26 Farm
17:27 Farm
17:29 Farm
17:30 Farm
17:35 Workshop
17:38 Workshop
17:38 Workshop
18:23 Scout Tower
18:26 Scout Tower
18:26 Scout Tower
18:28 Scout Tower
18:29 Scout Tower
18:31 Scout Tower
18:33 Scout Tower
18:33 Scout Tower
18:36 Scout Tower
19:15 Farm
19:16 Farm
19:17 Farm
19:18 Farm
19:31 Scout Tower
19:33 Scout Tower
19:36 Scout Tower
19:38 Guard Tower
20:06 Lumber Mill
20:27 Guard Tower
20:31 Scout Tower
20:32 Scout Tower
21:00 Guard Tower
21:40 Arcane Vault
21:43 Arcane Sanctum
21:51 Scout Tower
23:25 Guard Tower
23:28 Cannon Tower
24:13 Arcane Sanctum
40:40 Arcane Vault
43:15 Gryphon Aviary
43:19 Gryphon Aviary
43:27 Gryphon Aviary
43:32 Gryphon Aviary
43:35 Gryphon Aviary
44:43 Farm
44:45 Farm
44:47 Farm
44:57 Farm
44:58 Farm
45:27 Farm
45:28 Farm
46:30 Farm
58:05 Town Hall
» items
| Scroll of Regeneration | 6 | |
| Potion of Healing | 16 | |
| Ivory Tower | 3 | |
| Orb of Lightning | 2 | |
| Tiny Great Hall | 1 | |
| Scroll of Town Portal | 7 | |
| Scroll of Speed | 2 | |
37 total
Mata. (
red | 94 APM | 5646 actions | 59:55)
6 Archmage
3 Blizzard
2 Brilliance Aura
1 Mass Teleport
» actions
| Assign group hotkey | 270 | |
| Basic commands | 92 | |
| Build / train | 205 | |
| ESC pressed | 29 | |
| Enter build submenu | 171 | |
| Enter hero's abilities submenu | 6 | |
| Give item / drop item | 9 | |
| Right click | 2848 | |
| Select / deselect | 1163 | |
| Select group hotkey | 346 | |
| Use ability | 499 | |
5646 total
» units
| Peasant | 39 | |
| Dragonhawk Rider | 8 | |
| Goblin Zeppelin | 1 | |
48 total
» upgrades
| Masonry | 3 | |
| Lumber Harvesting | 2 | |
| Cloud | 1 | |
| Magic Sentry | 1 | |
7 total
» buildings
| Altar of Kings | 1 | |
| Lumber Mill | 1 | |
| Farm | 13 | |
| Scout Tower | 133 | |
| Guard Tower | 102 | |
| Arcane Vault | 2 | |
| Town Hall | 2 | |
| Keep | 4 | |
| Gryphon Aviary | 1 | |
| Castle | 1 | |
| Barracks | 1 | |
| Arcane Sanctum | 1 | |
| Blacksmith | 1 | |
263 total
» build order
00:04 Altar of Kings
00:20 Lumber Mill
00:33 Farm
01:19 Farm
02:01 Scout Tower
02:02 Scout Tower
02:21 Scout Tower
02:21 Scout Tower
02:22 Scout Tower
02:29 Scout Tower
02:30 Scout Tower
02:32 Guard Tower
02:32 Guard Tower
02:32 Guard Tower
02:34 Scout Tower
02:35 Scout Tower
02:50 Guard Tower
02:51 Guard Tower
02:59 Scout Tower
03:02 Scout Tower
03:12 Guard Tower
03:13 Guard Tower
03:32 Guard Tower
03:32 Guard Tower
03:33 Scout Tower
03:45 Scout Tower
03:47 Scout Tower
04:07 Guard Tower
04:20 Guard Tower
04:48 Guard Tower
04:49 Guard Tower
05:04 Scout Tower
05:05 Scout Tower
05:08 Scout Tower
05:09 Scout Tower
05:16 Scout Tower
05:16 Scout Tower
05:21 Farm
05:22 Farm
05:44 Scout Tower
05:44 Scout Tower
05:45 Scout Tower
05:51 Scout Tower
06:00 Guard Tower
06:05 Scout Tower
06:05 Scout Tower
06:15 Guard Tower
06:42 Guard Tower
06:42 Guard Tower
06:44 Scout Tower
06:45 Scout Tower
06:46 Scout Tower
06:55 Arcane Vault
07:00 Guard Tower
07:00 Guard Tower
07:11 Guard Tower
07:11 Guard Tower
07:24 Town Hall
07:32 Guard Tower
07:34 Scout Tower
07:35 Scout Tower
07:36 Scout Tower
07:45 Scout Tower
08:00 Scout Tower
08:00 Scout Tower
08:01 Scout Tower
08:02 Scout Tower
08:03 Scout Tower
08:06 Guard Tower
08:26 Guard Tower
08:27 Guard Tower
08:28 Scout Tower
08:29 Scout Tower
08:29 Scout Tower
08:29 Scout Tower
08:42 Scout Tower
08:43 Scout Tower
08:59 Keep
08:59 Keep
09:03 Guard Tower
09:05 Scout Tower
09:05 Scout Tower
09:21 Guard Tower
09:22 Guard Tower
09:28 Guard Tower
09:28 Guard Tower
09:41 Guard Tower
09:56 Guard Tower
09:56 Guard Tower
09:58 Scout Tower
10:00 Scout Tower
10:01 Scout Tower
10:02 Scout Tower
10:03 Scout Tower
10:34 Scout Tower
10:35 Scout Tower
10:51 Guard Tower
11:04 Scout Tower
11:05 Scout Tower
11:05 Scout Tower
11:07 Guard Tower
11:07 Guard Tower
11:20 Scout Tower
11:20 Scout Tower
11:21 Scout Tower
11:43 Guard Tower
12:15 Guard Tower
12:15 Guard Tower
12:18 Gryphon Aviary
12:50 Scout Tower
12:51 Scout Tower
13:23 Guard Tower
13:24 Guard Tower
13:36 Scout Tower
13:37 Scout Tower
13:38 Scout Tower
14:06 Guard Tower
14:06 Guard Tower
14:06 Guard Tower
14:19 Guard Tower
14:25 Scout Tower
14:38 Guard Tower
14:38 Guard Tower
14:38 Guard Tower
15:00 Guard Tower
15:00 Guard Tower
15:54 Castle
16:09 Arcane Vault
17:14 Scout Tower
17:15 Scout Tower
17:18 Scout Tower
17:18 Scout Tower
17:35 Scout Tower
17:37 Scout Tower
17:48 Guard Tower
17:54 Guard Tower
17:54 Guard Tower
18:03 Guard Tower
18:11 Scout Tower
18:12 Scout Tower
18:13 Scout Tower
18:25 Guard Tower
18:25 Guard Tower
18:26 Scout Tower
18:27 Scout Tower
18:28 Guard Tower
19:07 Guard Tower
20:29 Guard Tower
20:32 Barracks
20:41 Scout Tower
20:41 Scout Tower
20:55 Scout Tower
20:56 Scout Tower
20:56 Scout Tower
20:57 Scout Tower
21:14 Guard Tower
21:15 Scout Tower
21:16 Scout Tower
21:17 Scout Tower
21:37 Arcane Sanctum
21:47 Guard Tower
21:51 Guard Tower
21:51 Guard Tower
22:00 Scout Tower
22:10 Guard Tower
22:24 Guard Tower
22:24 Guard Tower
22:25 Guard Tower
22:29 Scout Tower
22:30 Scout Tower
22:30 Scout Tower
22:31 Guard Tower
22:31 Guard Tower
22:46 Scout Tower
22:47 Scout Tower
22:47 Scout Tower
23:00 Guard Tower
23:00 Guard Tower
23:03 Scout Tower
23:03 Scout Tower
23:04 Scout Tower
23:04 Scout Tower
25:16 Guard Tower
25:25 Scout Tower
25:26 Scout Tower
25:44 Blacksmith
25:45 Guard Tower
26:02 Guard Tower
26:04 Scout Tower
26:05 Scout Tower
27:18 Guard Tower
33:14 Farm
33:27 Farm
36:12 Farm
36:15 Farm
36:16 Farm
36:19 Farm
36:21 Farm
36:23 Scout Tower
36:24 Scout Tower
36:25 Scout Tower
36:27 Scout Tower
36:29 Scout Tower
36:29 Scout Tower
36:30 Scout Tower
37:12 Farm
37:20 Scout Tower
37:22 Scout Tower
37:22 Scout Tower
37:24 Scout Tower
37:24 Scout Tower
37:25 Scout Tower
37:28 Scout Tower
37:29 Scout Tower
37:29 Scout Tower
37:34 Scout Tower
37:36 Scout Tower
37:37 Scout Tower
37:40 Scout Tower
37:43 Scout Tower
37:43 Scout Tower
39:40 Scout Tower
40:12 Scout Tower
40:36 Farm
41:40 Scout Tower
42:03 Scout Tower
42:24 Scout Tower
42:55 Scout Tower
42:56 Scout Tower
42:58 Scout Tower
43:01 Scout Tower
43:17 Scout Tower
43:27 Scout Tower
49:01 Town Hall
» items
| Scroll of Regeneration | 3 | |
| Scroll of Town Portal | 1 | |
| Potion of Healing | 3 | |
| Staff of Sanctuary | 1 | |
| Potion of Mana | 5 | |
| Lesser Clarity Potion | 3 | |
16 total
team 2 (loser)

»
DeathIsBack (
yellow | 42 APM | 1310 actions | 31:11)
4 Keeper of the Grove
2 Entangling Roots
2 Force of Nature
» actions
| Basic commands | 96 | |
| Build / train | 55 | |
| Enter build submenu | 17 | |
| Enter hero's abilities submenu | 4 | |
| Remove unit from queue | 3 | |
| Right click | 487 | |
| Select / deselect | 528 | |
| Use ability | 120 | |
1310 total
» units
| Wisp | 16 | |
| Archer | 5 | |
| Glaive Thrower | 7 | |
| Mountain Giant | 10 | |
38 total
» upgrades
| Reinforced Hides | 2 | |
| Strength of the Wild | 1 | |
| Hardened Skin | 1 | |
4 total
» buildings
| Altar of Elders | 1 | |
| Moon Well | 8 | |
| Ancient of War | 2 | |
| Hunter's Hall | 1 | |
| Ancient Protector | 1 | |
| Tree of Ages | 1 | |
| Ancient of Wonders | 1 | |
| Ancient of Lore | 2 | |
| Tree of Eternity | 1 | |
18 total
» build order
00:06 Altar of Elders
00:08 Moon Well
00:27 Ancient of War
01:34 Moon Well
01:54 Moon Well
02:37 Hunter's Hall
03:54 Ancient Protector
04:20 Tree of Ages
05:04 Moon Well
06:32 Ancient of Wonders
07:48 Ancient of Lore
07:52 Ancient of Lore
08:31 Moon Well
10:26 Moon Well
15:23 Moon Well
15:34 Tree of Eternity
16:42 Ancient of War
20:30 Moon Well
DuDetOtHEmAX2 (
green | 41 APM | 2339 actions | 57:36)
4 Death Knight
2 Death Coil
1 Death Pact
1 Unholy Aura
1 Lich
1 Frost Nova
» actions
| Assign group hotkey | 50 | |
| Basic commands | 12 | |
| Build / train | 64 | |
| Enter build submenu | 18 | |
| Enter hero's abilities submenu | 5 | |
| Give item / drop item | 2 | |
| Right click | 1252 | |
| Select / deselect | 398 | |
| Select group hotkey | 466 | |
| Use ability | 72 | |
2339 total
» units
| Acolyte | 3 | |
| Ghoul | 3 | |
| Crypt Fiend | 10 | |
| Obsidian Statue | 2 | |
| Meatwagon | 18 | |
| Abomination | 6 | |
42 total
» upgrades
| Destroyer Form | 1 | |
| Burrow | 1 | |
| Disease Cloud | 1 | |
3 total
» buildings
| Crypt | 2 | |
| Graveyard | 1 | |
| Altar of Darkness | 1 | |
| Ziggurat | 5 | |
| Tomb of Relics | 1 | |
| Nerubian Tower | 1 | |
| Halls of the Dead | 1 | |
| Black Citadel | 1 | |
| Slaughterhouse | 2 | |
15 total
» build order
00:07 Crypt
00:12 Graveyard
00:32 Altar of Darkness
00:49 Ziggurat
01:23 Tomb of Relics
01:54 Ziggurat
02:27 Nerubian Tower
03:31 Ziggurat
06:16 Halls of the Dead
06:21 Ziggurat
08:45 Black Citadel
10:41 Slaughterhouse
11:14 Slaughterhouse
13:55 Ziggurat
52:34 Crypt
» items
| Dust of Appearance | 3 | |
| Rod of Necromancy | 1 | |
| Orb of Corruption | 2 | |
| Potion of Healing | 2 | |
| Scroll of Town Portal | 1 | |
9 total
FEVerISHdonKEY (
purple | 27 APM | 1596 actions | 59:50)
8 Lich
3 Frost Nova
3 Frost Armor
1 Death and Decay
1 Dark Ritual
7 Death Knight
3 Death Coil
2 Unholy Aura
1 Animate Dead
1 Death Pact
» actions
| Basic commands | 34 | |
| Build / train | 101 | |
| Enter build submenu | 19 | |
| Enter hero's abilities submenu | 16 | |
| Right click | 693 | |
| Select / deselect | 613 | |
| Use ability | 120 | |
1596 total
» units
| Acolyte | 4 | |
| Ghoul | 4 | |
| Crypt Fiend | 18 | |
| Frost Wyrm | 25 | |
| Obsidian Statue | 4 | |
| Goblin Zeppelin | 1 | |
| Mountain Giant | 4 | |
| Glaive Thrower | 4 | |
| Dryad | 2 | |
66 total
» upgrades
| Creature Carapace | 2 | |
| Burrow | 1 | |
| Creature Attack | 2 | |
| Freezing Breath | 1 | |
| Web | 1 | |
| Resistant Skin | 1 | |
| Reinforced Hides | 1 | |
| Strength of the Wild | 1 | |
| Abolish Magic | 1 | |
11 total
» buildings
| Crypt | 1 | |
| Graveyard | 1 | |
| Ziggurat | 10 | |
| Altar of Darkness | 1 | |
| Tomb of Relics | 1 | |
| Nerubian Tower | 1 | |
| Halls of the Dead | 1 | |
| Sacrificial Pit | 1 | |
| Black Citadel | 1 | |
| Spirit Tower | 2 | |
| Boneyard | 2 | |
| Slaughterhouse | 1 | |
23 total
» build order
00:09 Crypt
00:12 Graveyard
00:39 Ziggurat
00:58 Altar of Darkness
01:38 Ziggurat
02:16 Tomb of Relics
02:53 Nerubian Tower
04:07 Ziggurat
05:01 Halls of the Dead
07:28 Sacrificial Pit
07:33 Ziggurat
07:35 Black Citadel
08:26 Spirit Tower
10:08 Boneyard
10:12 Boneyard
10:15 Spirit Tower
12:04 Ziggurat
12:31 Ziggurat
13:42 Ziggurat
15:54 Ziggurat
18:28 Slaughterhouse
26:46 Ziggurat
26:48 Ziggurat
» items
| Rod of Necromancy | 1 | |
| Dust of Appearance | 1 | |
2 total
Ooga.Ooga (
teal | 26 APM | 1547 actions | 59:53)
7 Priestess of the Moon
3 Searing Arrows
3 Trueshot Aura
1 Starfall
2 Keeper of the Grove
1 Entangling Roots
1 Tranquility
» actions
| Assign group hotkey | 2 | |
| Basic commands | 80 | |
| Build / train | 66 | |
| Enter build submenu | 16 | |
| Enter hero's abilities submenu | 10 | |
| Remove unit from queue | 3 | |
| Right click | 753 | |
| Select / deselect | 524 | |
| Use ability | 93 | |
1547 total
» units
| Wisp | 13 | |
| Huntress | 4 | |
| Glaive Thrower | 10 | |
| Dryad | 8 | |
| Chimaera | 8 | |
43 total
» upgrades
| Strength of the Moon | 2 | |
| Vorpal Blades | 1 | |
| Reinforced Hides | 1 | |
| Corrosive Breath | 1 | |
| Strength of the Wild | 1 | |
| Moon Armor | 2 | |
8 total
» buildings
| Altar of Elders | 1 | |
| Moon Well | 6 | |
| Hunter's Hall | 1 | |
| Ancient of War | 1 | |
| Ancient Protector | 1 | |
| Tree of Ages | 1 | |
| Ancient of Lore | 1 | |
| Tree of Eternity | 1 | |
| Ancient of Wind | 1 | |
| Chimaera Roost | 2 | |
16 total
» build order
00:07 Altar of Elders
00:13 Moon Well
01:25 Hunter's Hall
01:48 Ancient of War
02:06 Moon Well
02:34 Ancient Protector
04:32 Tree of Ages
05:14 Moon Well
05:47 Moon Well
06:47 Moon Well
07:16 Ancient of Lore
13:14 Tree of Eternity
15:21 Ancient of Wind
16:30 Chimaera Roost
16:34 Chimaera Roost
19:16 Moon Well
Chat log
(00:10 / Allies) Mata.: blinn get blade for yomps thanks in advance
(00:22 / Allies) dirtmcwordup: send workers now
(00:24 / Allies) GapInTheTooth: where
(00:25 / Allies) dirtmcwordup: gap you got these 2
(00:43 / Allies) Mata.: i can help a lil
(00:46 / Allies) dirtmcwordup: man supply depots would be like tree hiding except you make the trees pop back up
(00:46 / Allies) Mata.: with mid
(00:58 / Allies) Mata.: you know you can attack burrowed supply depots right
(01:05 / Allies) Mata.: but then again motherships can cloak buildings so in team games it's still gonna be gay
(01:17 / Allies) bLinn: here again there's no way in
(01:19 / Allies) dirtmcwordup: send a worker down here too
(01:23 / Allies) dirtmcwordup: one on top one on bottom
(01:32 / Allies) dirtmcwordup: then in a little bit send another to each side
(01:33 / Allies) bLinn: isn't that a bizarre feelin when your own song pops up in your playlist
(01:35 / Allies) dirtmcwordup: when you can afford it
(01:42 / Allies) bLinn: los lumbros
(01:49 / Allies) Mata.: lumbrero
(02:04 / Allies) bLinn: super mario lumbros
(02:05 / Allies) Mata.: david bowie; best solo musician?
(02:06 / Allies) dirtmcwordup: this has good yomp potential
(02:11 / Allies) dirtmcwordup: ,maybe
(02:42 / Allies) dirtmcwordup: organize them maybe : - )\
(02:45 / Allies) GapInTheTooth: archmage?
(02:51 / Allies) dirtmcwordup: yeah
(02:54 / Allies) Mata.: an ap
(02:55 / Allies) dirtmcwordup: whatever hero you like
(04:08 / Allies) Mata.: sending a team to mid
(04:26 / Allies) dirtmcwordup: glad blinn creeping
(04:29 / Allies) dirtmcwordup: instead of fighting
(04:46 / Allies) dirtmcwordup: tower
(04:51 / Allies) Mata.: too early i feel
(04:53 / Allies) Mata.: binn tower upwards
(04:59 / Allies) bLinn: yes will do
(05:34 / Allies) bLinn: coming to try help
(06:55 / Allies) dirtmcwordup: orc shop up here please
(07:06 / Allies) dirtmcwordup: tower base
(07:36 / Allies) dirtmcwordup: send tower team
(07:39 / Allies) dirtmcwordup: plug that shit up
(08:10 / Allies) Mata.: need resources
(08:24 / Allies) bLinn: lum
(08:38 / Allies) bLinn: my base needs saved
(08:40 / Allies) dirtmcwordup: ud teching tier 3
(08:40 / Allies) bLinn: also
(08:47 / Allies) dirtmcwordup: make tech in mid please
(08:55 / Allies) bLinn: lum lum
(09:31 / Allies) Mata.: i also need lum
(09:42 / Allies) bLinn: holes gettin plugged
(09:48 / Allies) Mata.: what she said
(09:57 / Allies) dirtmcwordup: dont let them run out bottom
(09:59 / Allies) bLinn: more lum = more plugged
(10:22 / Allies) Mata.: had you said wood instead of lum i would have had another sweet that's what she said joke
(10:39 / Allies) Mata.: mg:en
(11:43 / Allies) bLinn: more lum again i am afraid
(12:08 / Allies) Mata.: give me some lumber and i'll get hawk
(12:37 / Allies) GapInTheTooth: jesus u guys are at tier2
(12:53 / Allies) bLinn: i got maddd gold
(12:55 / Allies) bLinn: if anybody needs
(12:58 / Allies) Mata.: yeah me too
(13:00 / Allies) GapInTheTooth: plz
(13:12 / Allies) Mata.: gonna use your hero
(13:14 / Allies) Mata.: top is about to break
(13:17 / Allies) dirtmcwordup: tower this please
(13:35 / Allies) bLinn: comin up
(13:48 / Allies) bLinn: lum again
(14:08 / Allies) dirtmcwordup: somebody send tower team
(14:14 / Allies) dirtmcwordup: blinn you do it i just gave all my wood
(14:16 / Allies) Mata.: extremely busy at top sadly
(14:25 / Allies) GapInTheTooth: where u want towas
(14:31 / Allies) bLinn: i got it
(14:32 / Allies) dirtmcwordup: everywhere
(14:36 / Allies) bLinn: too bad my bladediddley did
(14:37 / Allies) bLinn: *died
(14:55 / Allies) bLinn: los entanglos imbalancedos
(15:16 / Allies) dirtmcwordup: they still in here
(15:17 / Allies) Mata.: are they still in
(15:18 / Allies) Mata.: jesus
(15:23 / Allies) dirtmcwordup: tower all the bases gap
(15:23 / Allies) Mata.: maybe they zpped
(15:24 / Allies) bLinn: need those hawk
(15:26 / Allies) bLinn: right about now
(15:37 / Allies) bLinn: mahaps not even enoughn
(15:45 / Allies) Mata.: get forty ups
(15:45 / Allies) Mata.: please
(15:47 / Allies) dirtmcwordup: repair
(15:47 / Allies) dirtmcwordup: like
(15:48 / Allies) dirtmcwordup: nuts
(15:51 / Allies) bLinn: no lum
(15:52 / Allies) bLinn: just hit t3
(15:54 / Allies) dirtmcwordup: make 2nd shop
(16:05 / Allies) dirtmcwordup: fucker
(16:11 / Allies) bLinn: you have elf orb
(16:11 / Allies) dirtmcwordup: f. ucker
(16:14 / Allies) dirtmcwordup: fuckin lucker
(16:21 / Allies) dirtmcwordup: just hit t2
(16:31 / Allies) Mata.: get a mill in mid
(16:33 / Allies) Mata.: we need that upgrade
(16:33 / Allies) bLinn: bringin bats
(17:06 / Allies) dirtmcwordup: woops
(17:08 / Allies) dirtmcwordup: got blink level 2
(17:20 / Allies) Mata.: top is holding
(17:26 / Allies) dirtmcwordup: so i sbot
(17:29 / Allies) dirtmcwordup: kinda
(17:32 / Allies) bLinn: somehow
(17:45 / Allies) Mata.: they're mass mg mass lista
(17:47 / Allies) bLinn: lum
(18:09 / Allies) GapInTheTooth: meat wagons bot
(18:10 / Allies) dirtmcwordup: tower this
(18:19 / Allies) GapInTheTooth: on it
(18:26 / Allies) bLinn: thanks
(18:42 / Allies) bLinn: another orb spawned
(18:43 / Allies) Mata.: tier 3 masonry buildnig
(18:43 / Allies) bLinn: here u go
(18:54 / Allies) bLinn: why did you get welemental
(19:08 / Allies) dirtmcwordup: coming top
(19:10 / Allies) GapInTheTooth: top
(19:33 / Allies) bLinn: lum
(19:38 / Allies) bLinn: kotg
(19:53 / Allies) bLinn: fuckin noob
(19:54 / Allies) Mata.: chima
(20:10 / Allies) bLinn: bats flying
(20:15 / Allies) dirtmcwordup: awoop dodged
(20:19 / Allies) Mata.: chim not really a problem
(20:26 / Allies) dirtmcwordup: fucken faggot
(20:29 / Allies) dirtmcwordup: take all my wells.
(20:43 / Allies) dirtmcwordup: this needs towers
(20:49 / Allies) Mata.: fine;
(21:10 / Allies) bLinn: resume work on this
(21:25 / Allies) dirtmcwordup: 'can one or both of you get artry
(21:29 / Allies) dirtmcwordup: arcane sentry
(21:34 / Allies) dirtmcwordup: ARcane senTRY
(21:40 / Allies) Mata.: that makes no sense but i'll get it
(21:45 / Allies) bLinn: shadez
(21:47 / Allies) bLinn: invadez
(22:13 / Allies) Mata.: shackles enroute
(22:57 / Allies) Mata.: take expansions
(23:49 / Allies) Mata.: zep and weyrm
(24:02 / Allies) bLinn: argh i tped
(24:10 / Allies) GapInTheTooth: invismorts
(24:20 / Allies) Mata.: you mean you have_
(24:25 / Allies) GapInTheTooth: going for yes
(25:16 / Allies) GapInTheTooth: too late on the tp
(25:28 / Allies) GapInTheTooth: feed plz
(25:30 / Allies) GapInTheTooth: gold
(25:31 / Allies) Mata.: timg
(25:34 / Allies) Mata.: get a tree here
(25:35 / Allies) Mata.: to eat
(26:15 / Allies) GapInTheTooth: calling all my morts from the front lines
(26:20 / Allies) Mata.: can we yomp a little
(26:25 / Allies) bLinn: no retrain
(26:27 / Allies) bLinn: but i'll get it at 7
(26:29 / Allies) dirtmcwordup: yomp it up
(26:34 / Allies) Mata.: hurry up and level up before they leave
(26:40 / Allies) bLinn: will try
(26:47 / Allies) GapInTheTooth: fucking trolls
(27:21 / Allies) dirtmcwordup: get flamestriker
(27:32 / Allies) bLinn: gonna go storm that siege
(27:33 / Allies) bLinn: for 7
(27:40 / Allies) Mata.: go ahead and get mana
(28:00 / Allies) Mata.: well
(28:02 / Allies) GapInTheTooth: invismorts are go
(28:12 / Allies) dirtmcwordup: dont
(28:12 / Allies) GapInTheTooth: pick a target plz
(28:15 / Allies) dirtmcwordup: they will quit
(28:22 / Allies) bLinn: still nay seven
(28:23 / Allies) Mata.: we need to jump a little first
(28:25 / Allies) dirtmcwordup: i just built my chim should i kill for dott
(28:32 / Allies) Mata.: dotts are niceö.
(28:34 / Allies) GapInTheTooth: kk well at any time just holla
(28:54 / Allies) bLinn: sending zepp up to yompspot
(28:55 / Allies) dirtmcwordup: killa some ghoul
(29:04 / Allies) Mata.: bat that and ding 7
(29:05 / Allies) bLinn: nobody touch
(29:05 / Allies) bLinn: mine
(29:14 / Allies) Mata.: sending shacklas
(29:15 / Allies) dirtmcwordup: ahrem
(29:20 / Allies) Mata.: gj
(29:38 / Allies) Mata.: well up and get to yomping
(29:39 / Allies) bLinn: alright let's do it
(29:50 / Allies) dirtmcwordup: clear this island i build moona well
(30:04 / Allies) Mata.: zep there
(30:09 / Allies) bLinn: got mine up
(30:10 / Allies) bLinn: already
(30:12 / Allies) bLinn: NAAUOB
(30:16 / Allies) Mata.: too bad lol ö
(30:21 / Allies) bLinn: im faster on foot
(30:21 / Allies) dirtmcwordup: ñ
(30:31 / Allies) Mata.: wanna fill that island up with workers
(30:32 / Allies) Mata.: see where you end
(30:34 / Allies) bLinn: ƒuck u
(30:38 / Allies) bLinn: go for it
(30:54 / Allies) Mata.: yomp from corner first
(30:57 / Allies) Mata.: while i work on this
(31:10 / Allies) dirtmcwordup: dango
(31:16 / Allies) bLinn: going
(31:16 / Allies) Mata.: let em kill whatever they want
(31:17 / Allies) bLinn: MORE
(31:19 / Allies) dirtmcwordup: let them keep
(31:36 / Allies) bLinn: argh no room
(31:39 / Allies) Mata.: weird
(31:53 / Allies) bLinn: got it
(31:57 / Allies) bLinn: let's try for image
(31:57 / Allies) GapInTheTooth: wtf
(32:02 / Allies) bLinn: perfect
(32:02 / Allies) dirtmcwordup: let him have it
(32:04 / Allies) GapInTheTooth: how did we miss that
(32:06 / Allies) bLinn: one yomp in the bank
(32:14 / Allies) Mata.: no
(32:17 / Allies) Mata.: arg
(32:19 / Allies) Mata.: dont kill it
(32:22 / Allies) bLinn: dont kill
(32:35 / Allies) GapInTheTooth: i thought the idea was to keep them out of gold
(32:36 / Allies) dirtmcwordup: going 80 food dott
(32:40 / Allies) dirtmcwordup: nah
(32:40 / Allies) Mata.: they'llleave
(32:40 / Allies) bLinn: the idea is to yomp
(32:43 / Allies) dirtmcwordup: idea is yompfest 2007
(32:43 / Allies) Mata.: if they don't get any mines
(32:44 / Allies) bLinn: we've already won
(32:45 / Allies) GapInTheTooth: lol
(32:52 / Allies) bLinn: trust me we've already won
(33:07 / Allies) Mata.: can't fill this island up
(33:09 / Allies) Mata.: without bringing more shit
(33:14 / Allies) bLinn: i have more en route
(33:16 / All) dirtmcwordup: rallied
(33:37 / Allies) GapInTheTooth: nigga stole my peons
(33:45 / Allies) bLinn: they for a good cause
(33:58 / Allies) Mata.: you can probably yomp across
(33:59 / Allies) Mata.: the channel now
(34:09 / Allies) bLinn: more than you think
(34:10 / Allies) bLinn: on this
(34:26 / Allies) bLinn: particularly behind trees
(34:46 / Allies) Mata.: bringing more shit
(35:07 / Allies) Mata.: warden couldn't blink
(35:10 / Allies) Mata.: to the island
(35:15 / Allies) bLinn: still more
(35:16 / Allies) bLinn: needed
(35:23 / Allies) Mata.: nope
(35:24 / Allies) Mata.: can't land
(35:28 / Allies) bLinn: ok
(35:29 / Allies) bLinn: going now
(35:32 / Allies) GapInTheTooth: ill get the attack dont worry
(35:34 / Allies) bLinn: zoom
(35:45 / Allies) bLinn: ack i can't get the real
(35:49 / Allies) bLinn: somebody bring me a manapott
(35:50 / Allies) Mata.: that's fine
(35:54 / Allies) Mata.: ok!
(36:05 / Allies) bLinn: yo spam farms across this shore
(36:09 / Allies) bLinn: so I go up
(36:10 / Allies) bLinn: instead of across
(36:13 / Allies) dirtmcwordup: build where image is
(36:19 / Allies) dirtmcwordup: towers cost less
(36:36 / Allies) bLinn: ok trying when i have mana
(36:38 / Allies) bLinn: get bloodmage?
(36:45 / Allies) Mata.: kelen is the waterboy
(36:47 / Allies) bLinn: perfect
(36:49 / Allies) bLinn: perfect yomp
(36:54 / Allies) dirtmcwordup: gotta fill it up
(37:01 / Allies) dirtmcwordup: we keep filling until you can yomp no more
(37:06 / Allies) bLinn: yeah
(37:08 / Allies) bLinn: then we do an extension
(37:49 / Allies) dirtmcwordup: killing off chim
(37:50 / Allies) bLinn: do we not have a brilliance aura
(37:57 / Allies) GapInTheTooth: levle 2
(38:04 / Allies) GapInTheTooth: i need gold plz
(38:18 / Allies) Mata.: gave some mana items
(38:20 / Allies) dirtmcwordup: do they have towers
(38:27 / Allies) bLinn: ok gonna drink up a bit
(38:35 / Allies) dirtmcwordup: ill make moonwells
(38:54 / Allies) bLinn: ok we ready?
(38:57 / Allies) Mata.: go
(39:03 / Allies) bLinn: no room
(39:05 / Allies) Mata.: try again
(39:10 / Allies) Mata.: we can extension this
(39:15 / Allies) bLinn: def
(39:17 / Allies) dirtmcwordup: why shackle
(39:23 / Allies) Mata.: because they are getting too confident
(39:33 / Allies) Mata.: ready
(39:35 / Allies) Mata.: when u are
(39:37 / Allies) bLinn: alright
(39:38 / Allies) bLinn: 3
(39:39 / Allies) bLinn: 2
(39:39 / Allies) bLinn: 1
(39:45 / Allies) bLinn: whoops
(39:51 / Allies) Mata.: maybe count down from 10 if you're giong to wait 7 seconds after 23
(39:52 / Allies) GapInTheTooth: lol
(39:56 / Allies) bLinn: sorry
(39:59 / Allies) bLinn: hit e instead of r
(40:08 / Allies) bLinn: ok
(40:09 / Allies) bLinn: 3
(40:10 / Allies) bLinn: 2
(40:10 / Allies) bLinn: 1
(40:15 / Allies) bLinn: haha
(40:19 / Allies) bLinn: more dott
(40:31 / Allies) bLinn: ok
(40:33 / Allies) bLinn: 3
(40:34 / Allies) bLinn: 2
(40:34 / Allies) bLinn: 1
(41:09 / Allies) bLinn: ok?
(41:15 / Allies) Mata.: ok
(41:17 / Allies) bLinn: one sec batting the frosties
(41:18 / Allies) bLinn: they too far
(41:35 / Allies) bLinn: alright
(41:36 / Allies) bLinn: 3
(41:36 / Allies) dirtmcwordup: bat = level 8
(41:37 / Allies) bLinn: 2
(41:37 / Allies) bLinn: 1
(41:42 / Allies) Mata.: i wasnt ready
(41:43 / Allies) dirtmcwordup: god
(41:46 / Allies) dirtmcwordup: give him time
(41:46 / Allies) bLinn: sorry
(41:47 / Allies) dirtmcwordup: noob
(41:56 / Allies) bLinn: ok?
(41:58 / Allies) Mata.: ok
(42:00 / Allies) bLinn: 3
(42:00 / Allies) bLinn: 2
(42:01 / Allies) bLinn: 1
(42:05 / Allies) bLinn: fuck
(42:06 / Allies) dirtmcwordup: noob
(42:08 / Allies) bLinn: chat window was up
(42:10 / Allies) dirtmcwordup: you dont wait
(42:11 / Allies) bLinn: so i just said r
(42:11 / Allies) dirtmcwordup: 15 seconds
(42:17 / Allies) bLinn: then had to delete heh
(42:21 / Allies) bLinn: OK
(42:21 / Allies) bLinn: 3
(42:22 / Allies) bLinn: 2
(42:23 / Allies) bLinn: 1
(42:29 / Allies) Mata.: ok
(42:30 / Allies) bLinn: where'd i go
(42:31 / Allies) bLinn: didn't get
(42:36 / Allies) Mata.: oh woah
(42:40 / Allies) bLinn: was that an extension?
(42:46 / Allies) dirtmcwordup: no
(42:47 / Allies) bLinn: fill that up
(42:49 / Allies) dirtmcwordup: extension you see the image
(42:51 / Allies) dirtmcwordup: go over
(42:55 / Allies) dirtmcwordup: then you pop out somewhere else
(43:07 / Allies) dirtmcwordup: this aint good
(43:11 / Allies) Mata.: ok ready?
(43:13 / Allies) bLinn: ok let's be quick
(43:14 / Allies) bLinn: 3
(43:15 / Allies) bLinn: 2
(43:16 / Allies) bLinn: 1
(43:21 / Allies) bLinn: no room before
(43:24 / Allies) bLinn: 3
(43:25 / Allies) bLinn: 2
(43:25 / Allies) bLinn: 1
(43:29 / Allies) Mata.: man
(43:31 / Allies) bLinn: damn
(43:31 / Allies) Mata.: a shitty extension
(43:32 / Allies) dirtmcwordup: that was extension
(43:34 / Allies) bLinn: we executed perfectly
(43:38 / Allies) dirtmcwordup: but theres room next to it
(43:40 / Allies) dirtmcwordup: so it wont work
(43:42 / Allies) dirtmcwordup: i got idea
(43:46 / Allies) dirtmcwordup: do extension
(43:48 / Allies) dirtmcwordup: where a tower is
(43:50 / Allies) dirtmcwordup: cancel a tower
(43:53 / Allies) dirtmcwordup: get a worker there
(43:55 / Allies) dirtmcwordup: then do it
(44:01 / Allies) Mata.: lift some dott
(44:02 / Allies) Mata.: and we can do it far
(44:15 / Allies) Mata.: uprooting your ancients so they dont see this
(44:16 / Allies) dirtmcwordup: try mirror
(44:19 / Allies) dirtmcwordup: ill set dott down
(44:20 / Allies) dirtmcwordup: go
(44:33 / Allies) dirtmcwordup: fill this up
(44:54 / Allies) bLinn: ok?
(44:58 / Allies) Mata.: if timg is ready
(44:58 / Allies) dirtmcwordup: fill this up
(45:03 / Allies) dirtmcwordup: ok where am i going
(45:05 / Allies) bLinn: fill shore by pink
(45:06 / Allies) Mata.: do it now
(45:07 / Allies) bLinn: FUCK FUCK
(45:08 / Allies) Mata.: for fucks sake
(45:15 / Allies) Mata.: noobs waited too long
(45:16 / Allies) dirtmcwordup: haha
(45:22 / Allies) GapInTheTooth: dont owrry
(45:23 / Allies) bLinn: didn't fill shore
(45:25 / Allies) bLinn: like we said
(45:45 / Allies) Mata.: we look pretty stupid right now i think
(45:56 / Allies) bLinn: do we have
(45:57 / Allies) bLinn: a zep
(45:59 / Allies) Mata.: yomp
(46:01 / Allies) Mata.: yommmpp
(46:07 / Allies) Mata.: aww
(46:16 / Allies) bLinn: damn
(46:32 / Allies) Mata.: yiggiy uomp
(46:41 / Allies) GapInTheTooth: gold plz
(46:41 / Allies) bLinn: naaawarghgh
(46:58 / Allies) bLinn: we got two or three good yomps
(47:05 / Allies) Mata.: what even happened there
(47:15 / Allies) dirtmcwordup: they owned you towers
(47:23 / Allies) bLinn: got level a billion i guess
(47:25 / Allies) dirtmcwordup: can we yomp off this
(47:31 / Allies) bLinn: go get a zep
(47:49 / Allies) Mata.: timg and blinn get some units pelase
(47:58 / Allies) dirtmcwordup: im at 74 food nerd
(48:30 / Allies) GapInTheTooth: gold gold gold
(48:30 / Allies) bLinn: lemme off i need to save expo
(48:32 / Allies) bLinn: well i guess not
(48:44 / Allies) dirtmcwordup: nah
(48:45 / Allies) dirtmcwordup: ythey fix it
(48:48 / Allies) dirtmcwordup: you cant go on ledges
(48:49 / Allies) dirtmcwordup: gay
(49:10 / Allies) dirtmcwordup: maybe you can fit in forest
(49:11 / Allies) Mata.: by trees
(49:12 / Allies) Mata.: yeah
(49:12 / Allies) dirtmcwordup: and yomp through
(49:15 / Allies) bLinn: v. unlikely
(49:18 / Allies) bLinn: but worth a try
(49:21 / Allies) dirtmcwordup: that is always a good yomp
(49:22 / Allies) Mata.: if you brought a worker
(49:29 / Allies) bLinn: he brought several
(49:35 / Allies) bLinn: yes
(49:35 / Allies) bLinn: yes
(49:35 / Allies) bLinn: yes
(49:36 / Allies) bLinn: yes
(49:38 / Allies) Mata.: :T
(49:39 / Allies) Mata.: dump wisps
(49:41 / Allies) bLinn: fill
(49:46 / Allies) bLinn: ok?
(49:52 / Allies) bLinn: nauahghgh
(50:01 / Allies) Mata.: tay
(50:02 / Allies) bLinn: fill up absolutely
(50:07 / Allies) bLinn: no room
(50:09 / Allies) bLinn: forest too deep
(50:09 / Allies) Mata.: too far
(50:10 / Allies) dirtmcwordup: too far
(50:17 / Allies) Mata.: in that corner maybe
(50:26 / Allies) GapInTheTooth: gold me plz
(50:33 / Allies) Mata.: nope
(50:45 / Allies) bLinn: do we give up?
(50:50 / Allies) Mata.: can't yomp here
(51:01 / Allies) Mata.: nothing to do but kill em i guess
(51:03 / Allies) bLinn: unless you can see any other good spots let's finish
(51:55 / Allies) dirtmcwordup: extreme wisp hiding
(52:27 / Allies) dirtmcwordup: getting dinner control my units or whatever
(52:37 / Allies) Mata.: i wont do it.
(52:54 / Allies) Mata.: nice burning oil by the way
(53:02 / Allies) bLinn: whatever
(53:03 / Allies) bLinn: forced 2 tps
(53:32 / Allies) bLinn: gimme 100g
(53:39 / Allies) bLinn: thanks
(53:58 / Allies) GapInTheTooth: no tp on them either
(54:52 / Allies) GapInTheTooth: no aa
(56:10 / Allies) Mata.: did a noob named timg get cyclone upgrade
(56:11 / Allies) Mata.: no
(56:12 / Allies) Mata.: he did not
(56:27 / Allies) bLinn: truly a noob
(56:28 / Allies) bLinn: named timg
(56:45 / Allies) Mata.: go south and finish green
(56:47 / Allies) Mata.: i clean up here
(57:45 / Allies) bLinn: manner base taking
(58:12 / Allies) Mata.: tiny hall, great manner
(58:19 / Allies) bLinn: i placed a base in ur bases place
(59:03 / Allies) GapInTheTooth: i keep forgetting i have mass tp